 Dungeon Crawl Stone Soup version 0.30-a0-1164-ge08a67761e (webtiles) character file.

Game seed: 10973453837926162315

11841 CowFu the Carver (level 11, -8/97 HPs)
             Began as a Minotaur Fighter on Apr 30, 2023.
             Was an Elder of the Shining One.
             Mangled by a death yak simulacrum (12 damage)
             ... in an ice cave.
             The game lasted 00:12:31 (11129 turns).

CowFu the Carver (Minotaur Fighter)                Turns: 11129, Time: 00:12:31

Health: -8/97      AC: 17    Str: 31    XL:     11   Next: 54%
Magic:  10/10      EV: 10    Int:  5    God:    the Shining One [****..]
Gold:   656        SH:  6    Dex: 10    Spells: 10/10 levels left

rFire   x . .        a - +3 scimitar
rCold   + . .        c - +0 buckler
rNeg    + + .        t - +0 plate armour
rPois   .            (helmet restricted)
rElec   .            l - +2 cloak
rCorr   .            (no gloves)
SInv    .            (no boots)
Will    .....        (no amulet) Stlth
                     u - ring of ice
HPRegen 0.36/turn    h - +6 ring of strength
MPRegen 0.12/turn

%: no passive effects
@: glowing
A: horns 2, retaliatory headbutt
a: Renounce Religion, Divine Shield, Cleansing Flame


You were in an ice cave.
You worshipped the Shining One.
The Shining One was greatly pleased with you.
You visited 2 branches of the dungeon, and saw 12 of its levels.
You also visited: Ice Cave.

You collected 682 gold pieces.
You donated 26 gold pieces to Zin.

Inventory:

Hand Weapons
 a - a +3 scimitar (weapon)
 b - a +1 scimitar of flaming
Armour
 c - a +0 buckler (worn)
 l - a +2 cloak (worn)
 t - a +0 plate armour (worn)
Jewellery
 g - a ring of willpower
 h - a +6 ring of strength (right hand)
 k - a ring of protection from fire
 s - a ring of poison resistance
 u - a ring of ice (left hand)
 z - a ring of fire
 F - a ring of willpower
Wands
 i - a wand of charming (5)
 B - a wand of digging (5)
 D - a wand of flame (22)
Scrolls
 d - 2 scrolls of fear
 f - 7 scrolls of teleportation
 n - a scroll of fog
 p - 2 scrolls of amnesia
 q - a scroll of blinking
 C - 2 scrolls of enchant armour
 G - a scroll of butterflies
Potions
 e - a potion of ambrosia {unknown}
 j - 2 potions of haste
 m - 4 potions of attraction
 o - 3 potions of brilliance
 v - a potion of flight {unknown}
 w - 4 potions of mutation
 y - 2 potions of invisibility
 A - a potion of magic {unknown}
 E - 2 potions of lignification {unknown}
Miscellaneous
 H - a tin of tremorstones (2/2)


   Skills:
 + Level 9.4 Fighting
 - Level 14.0 Long Blades
 + Level 9.4 Armour
 + Level 7.8 Dodging
 + Level 9.4 Shields


You had 10 spell levels left.
You didn't know any spells.
Your spell library contained the following spells:

 Spells                   Type           Power      Damage    Failure   Level
 Beastly Appendage        Tmut           0%         N/A       99%         1
 Sandblast                Erth           0%         2d4       99%         1
 Passwall                 Tmut/Erth      0%         N/A       99%         2
 Sublimation of Blood     Necr           0%         N/A       99%         2
 Wereblood                Tmut           0%         N/A       99%         2
 Spider Form              Tmut/Pois      0%         N/A       100%        3
 Stone Arrow              Conj/Erth      0%         3d7       100%        3
 Petrify                  Tmut/Erth      0%         N/A       100%        4
 Irradiate                Conj/Tmut      0%         3d11      100%        5


Dungeon Overview and Level Annotations

Branches:
Dungeon (11/15)            Temple (1/1) D:5            Lair (0/5) D:10
  IceCv (1/1)
    Orc: D:9-12

Altars:
Ashenzari
Cheibriados
Dithmenos
Fedhas
Hepliaklqana
Makhleb
Nemelex Xobeh
Okawaru
Trog
Uskayaw
Vehumet
Wu Jian
Yredelemnul
Zin
The Shining One

Annotations:
D:3 1 runed translucent door, exclusion: oklob plant


Innate Abilities, Weirdness & Mutations

You have a pair of horns on your head.
You reflexively headbutt those who attack you in melee.


Message History

The polar bear simulacrum claws you but does no damage.
The polar bear simulacrum closely misses you.
You feel better.
The death yak simulacrum gores you but does no damage.
The death yak simulacrum misses you.
You hit the death yak simulacrum.
You headbutt the death yak simulacrum, but do no damage.
The death yak simulacrum is almost destroyed.
The polar bear simulacrum bites you but does no damage.
The polar bear simulacrum claws you but does no damage. x2
You slash the death yak simulacrum!
The death yak simulacrum vaporises!
The Shining One accepts your kill.
You feel better. The death yak simulacrum gores you.
The death yak simulacrum freezes you! You resist.
You hit the polar bear simulacrum. You headbutt the polar bear simulacrum!
The polar bear simulacrum is severely damaged.
The polar bear simulacrum bites you but does no damage.
The polar bear simulacrum claws you but does no damage.
You block the polar bear simulacrum's attack.
You slice the polar bear simulacrum!!
The polar bear simulacrum vaporises!
The Shining One accepts your kill.
You feel better. The death yak simulacrum gores you.
The death yak simulacrum freezes you!! You resist.
* * * LOW HITPOINT WARNING * * *
You hit the death yak simulacrum but do no damage.
You headbutt the death yak simulacrum.
The death yak simulacrum is heavily damaged.
You slash the death yak simulacrum! You headbutt the death yak simulacrum.
The death yak simulacrum is severely damaged.
The death yak simulacrum gores you!
* * * LOW HITPOINT WARNING * * *
The death yak simulacrum freezes you! You resist.
* * * LOW HITPOINT WARNING * * *
Okay, then.
You hit the death yak simulacrum but do no damage.
The death yak simulacrum is severely damaged.
The death yak simulacrum gores you!
You die...

#####
##...##
##..∩..##
#.......#
#...∩...#
##.....##
##@..##
#.Z.#
##...#
#...#
...##
..## .##
#.


You could see a death yak simulacrum.

Vanquished Creatures
  4 two-headed ogres
  2 ugly things
  Psyche (D:8)
  An unseen horror (D:10)
  Maggie (D:7)
  A troll (D:5)
  Sigmund (D:3)
  A shadow (D:9)
  A wyvern (D:9)
  A vampire (D:9)
  2 death yak simulacra (IceCv)
  3 steam dragons
  Grum (D:8)
  5 vampire mosquitoes
  The ghost of mnelsen79 the Ducker, an amateur MfFE of Wu Jian (D:3)
  2 acid dragons
  6 water moccasins
  2 orc warriors
  An ice beast (D:6)
  2 sky beasts (D:7)
  3 black bears
  An ogre (D:4)
  3 wolves (D:8)
  2 centaurs (D:6)
  2 phantoms
  4 kobold brigands
  4 bullfrogs
  5 scorpions
  11 wights
  19 killer bees
  5 howler monkeys
  2 gnoll boudas
  Crazy Yiuf (D:4)
  6 orc priests
  3 hounds
  A jelly (D:8)
  3 iguanas (D:4)
  A sleepcap (D:6)
  10 orc wizards
  A polar bear simulacrum (IceCv)
  A mummy (D:5)
  9 gnolls
  7 adders
  A river rat (D:3)
  2 white imps (D:5)
  2 ufetubi
  5 worms
  5 dart slugs
  25 orcs
  9 ball pythons
  5 endoplasms
  3 giant cockroaches
  4 goblins
  6 hobgoblins
  24 kobolds
  A quokka (D:1)
  3 bats
  3 frilled lizards
  A hobgoblin zombie (D:5)
  2 kobold zombies (D:5)
  An orc zombie (D:5)
  7 rats
252 creatures vanquished.

Vanquished Creatures (others)
  34 fungi
  37 plants
71 creatures vanquished.

Grand Total: 323 creatures vanquished

Notes
Turn   | Place    | Note
-------+----------+-------------------------------------------
     0 | D:1      | CowFu the Minotaur Fighter began the quest for the Orb.
     0 | D:1      | Reached XP level 1. HP: 19/19 MP: 0/0
   187 | D:1      | Reached skill level 3 in Long Blades
   203 | D:1      | Reached XP level 2. HP: 25/26 MP: 1/1
   560 | D:1      | Reached skill level 4 in Long Blades
   708 | D:2      | Reached XP level 3. HP: 31/31 MP: 2/2
   834 | D:2      | Found a faded altar of an unknown god.
   948 | D:2      | Reached skill level 5 in Long Blades
  1039 | D:2      | Reached XP level 4. HP: 17/39 MP: 3/3
  1377 | D:3      | Noticed Sigmund
  1384 | D:3      | Killed Sigmund
  1385 | D:3      | Reached skill level 7 in Long Blades
  1385 | D:3      | Reached XP level 5. HP: 35/45 MP: 4/4
  1438 | D:3      | Found a runed translucent door.
  1452 | D:3      | Noticed mnelsen79's ghost (amateur MfFE)
  1468 | D:3      | Found a runed translucent door.
  1583 | D:3      | Found a snail-covered altar of Cheibriados.
  1622 | D:3      | Found a blossoming altar of Fedhas.
  1639 | D:3      | Noticed an oklob plant
  1837 | D:3      | Reached XP level 6. HP: 50/51 MP: 5/5
  1935 | D:3      | Found a glowing silver altar of Zin.
  2332 | D:3      | Killed mnelsen79's ghost
  2333 | D:3      | Reached skill level 8 in Long Blades
  2527 | D:3      | Became a worshipper of Zin the Law-Giver
  2527 | D:3      | Reached * piety under Zin
  2679 | D:4      | Reached skill level 9 in Long Blades
  2882 | D:4      | Found a runed translucent door.
  2883 | D:4      | Noticed Crazy Yiuf
  3036 | D:4      | Reached XP level 7. HP: 54/57 MP: 6/6
  3115 | D:4      | Reached skill level 10 in Long Blades
  3247 | D:4      | Found a hide-covered altar of Uskayaw.
  3507 | D:4      | Reached ** piety under Zin
  3532 | D:4      | Found a hazy altar of Hepliaklqana.
  3887 | D:4      | Killed Crazy Yiuf
  4071 | D:5      | Entered Level 5 of the Dungeon
  4073 | D:5      | Found a staircase to the Ecumenical Temple.
  4095 | D:5      | Noticed a troll
  4099 | Temple   | Entered the Ecumenical Temple
  4184 | Temple   | Fell from the grace of Zin
  4184 | Temple   | Became a worshipper of the Shining One
  4212 | D:5      | Killed a troll
  4213 | D:5      | Reached skill level 11 in Long Blades
  4213 | D:5      | Reached XP level 8. HP: 43/64 MP: 7/7
  4422 | D:5      | Reached skill level 12 in Long Blades
  4755 | D:5      | Reached * piety under the Shining One
  5318 | D:6      | Reached skill level 13 in Long Blades
  5607 | D:6      | Reached skill level 14 in Long Blades
  5607 | D:6      | Reached XP level 9. HP: 67/70 MP: 8/8
  5834 | D:6      | Reached ** piety under the Shining One
  5847 | D:6      | Reached skill level 1 in Dodging
  6330 | D:6      | Found a bloodstained altar of Trog.
  6594 | D:7      | Noticed Maggie
  6608 | D:7      | Killed Maggie
  6609 | D:7      | Reached skill level 5 in Fighting
  6609 | D:7      | Reached skill level 5 in Armour
  6609 | D:7      | Reached skill level 5 in Shields
  7591 | D:8      | Noticed Grum
  7603 | D:8      | Reached XP level 10. HP: 55/83 MP: 9/9
  7608 | D:8      | Killed Grum
  7819 | D:8      | Reached *** piety under the Shining One
  7884 | D:8      | Found a basalt altar of Yredelemnul.
  7900 | D:8      | Noticed Psyche
  7920 | D:8      | Killed Psyche
  7921 | D:8      | Reached skill level 5 in Dodging
  8246 | D:8      | Noticed a two-headed ogre
  8246 | D:8      | Noticed a two-headed ogre
  8251 | D:8      | Killed a two-headed ogre
  8417 | D:8      | Killed a two-headed ogre
  8715 | D:9      | Noticed a two-headed ogre
  8723 | D:9      | Killed a two-headed ogre
  8922 | D:9      | Reached XP level 11. HP: 78/94 MP: 10/10
  9084 | D:9      | Found a burning altar of Makhleb.
  9087 | D:9      | Found a shadowy altar of Dithmenos.
  9091 | D:9      | Found a broken altar of Ashenzari.
  9536 | D:10     | Entered Level 10 of the Dungeon
  9845 | D:10     | Noticed a two-headed ogre
  9861 | D:10     | Killed a two-headed ogre
  9888 | D:10     | Found a staircase to the Lair.
 10768 | D:10     | Found a sparkling altar of Nemelex Xobeh.
 10796 | D:10     | Noticed a green ugly thing
 10807 | D:10     | Killed a green ugly thing
 11055 | D:11     | Noticed a white ugly thing
 11055 | D:11     | Noticed a brown ugly thing
 11056 | D:11     | Noticed a white ugly thing
 11067 | D:11     | Reached **** piety under the Shining One
 11085 | D:11     | Killed a white ugly thing
 11093 | D:11     | Found a frozen archway.
 11102 | IceCv    | Entered an ice cave
 11128 | IceCv    | HP: 3/97 [death yak simulacrum (9)]
 11129 | IceCv    | Mangled by a death yak simulacrum

Illustrated notes

Levels and vault maps discovered:
D:1:      dpeg_arrival_chambers_temple_mockup, layout_loops_ring
D:2:      layout_rooms, basic_ecumenical_altar, serial_glass, glass_columns_b,
          glass_columns_a
D:3:      layout_basic, zin_treasury, mainiacjoe_overflow_cross_hatched,
          tgw_fedhas, ebering_ghost_sewer_f, patterned_corridor, uniq_sigmund
D:4:      layout_layer_cave, nicolae_overflow_crystal_walls,
          overflow_temple_1_default, lemuel_flame_loot_1,
          uniq_crazy_yiuf_cottage
D:5:      layout_loops_corners, minmay_temple_entry_slanted,
          chequers_serial_rivers_micro_a, minmay_mini_ossuary
D:6:      layout_loops_ring, mainiacjoe_overflow_boulevard, serial_glass,
          glass_columns_b, glass_columns_a
D:7:      layout_loops_corners, uniq_maggie
D:8:      layout_rooms, mainiacjoe_overflow_brackets,
          kennysheep_generic_room_15, uniq_grum, uniq_psyche
D:9:      layout_long_grid, grunt_temple_overflow_diamond
D:10:     layout_layer_cave, nemelex_spade_bored_becter,
          due_lair_maze_entry_diamond
D:11:     cheibrodos_breeding_chamber, layout_irregular_city,
          portal_ice_cave_entry_pillars_1
Temple:   jpeg_temple_clearing
IceCv:    ice_cave_small_necro

Skill      XL: |  1  2  3  4  5  6  7  8  9 10 11 |
---------------+----------------------------------+-----
Long Blades    | 3 4 5 7 9 11 14 | 14.0
Dodging        | 4 6 7 |  7.8
Armour         | 6 8 9 |  9.4
Shields        | 6 8 9 |  9.4
Fighting       | 6 8 9 |  9.4

Action                     |  1- 3 |  4- 6 |  7- 9 | 10-12 || total
---------------------------+-------+-------+-------+-------++-------
  Melee: Long sword        |    73 |   101 |   258 |       ||   432
         Headbutt          |     9 |    17 |    73 |    71 ||   170
         Scimitar          |       |       |    53 |   258 ||   311
         Unarmed           |       |       |       |    15 ||    15
    Use: Potion            |       |     4 |     3 |     4 ||    11
         Scroll            |       |       |    12 |     8 ||    20
 Armour: Scale mail        |    23 |    45 |       |       ||    68
         Plate armour      |       |       |   147 |   138 ||   285
         Skin              |       |       |       |     6 ||     6
  Dodge: Dodged            |    22 |    32 |    80 |   112 ||   246
  Block: Buckler           |    10 |    15 |    57 |    66 ||   148

Table legend: (Time is in decaauts)
 A = Elapsed time spent in this place.
 B = Non-inter-level travel time spent in this place.
 C = Inter-level travel time spent in this place.
 D = Time resting spent in this place.
 E = Time spent auto-exploring this place.
 F = Levels seen in this place.
 G = Mean time per level.
                   A        B        C        D        E       F      G
               +--------+--------+--------+--------+--------+-----+--------+
         Total |  10987 |  10660 |    327 |      0 |   8993 |  13 |  845.2 |
       Dungeon |  10859 |  10532 |    327 |      0 |   8919 |  11 |  987.2 |
        Temple |    106 |    106 |      0 |      0 |     74 |   1 |  106.0 |
      Ice Cave |     21 |     21 |      0 |      0 |      0 |   1 |   21.0 |
               +--------+--------+--------+--------+--------+-----+--------+

Top non-repeatable levels by time:
     D:4: 1498 daAuts
    D:10: 1378 daAuts
     D:3: 1277 daAuts
     D:7: 1198 daAuts
     D:5: 1142 daAuts
     D:8: 1080 daAuts
     D:6: 989 daAuts
     D:9: 844 daAuts
     D:1: 707 daAuts
     D:2: 588 daAuts
    D:11: 153 daAuts
  Temple: 106 daAuts
   IceCv: 21 daAuts
